 Dungeon Crawl Stone Soup version 0.30-a0-738-g116ff8c4af (webtiles) character file.

Game seed: 8406141344672859749

60 cheesebisquit the Digger (level 4, -2/24 HPs)
             Began as a Gargoyle Earth Elementalist on Feb 3, 2023.
             Slain by a gnoll
             ... wielding a +0 whip
              (7 damage)
             ... on level 2 of the Dungeon.
             The game lasted 00:04:24 (898 turns).

cheesebisquit the Digger (GrEE)                      Turns: 898, Time: 00:04:24

Health: -2/24      AC:  5    Str: 12    XL:     4   Next: 4%
Magic:  7/7        EV: 11    Int: 17    God:
Gold:   31         SH:  0    Dex: 10    Spells: 6/7 levels left

rFire   . . .      SeeInvis .    i - +0 mace
rCold   . . .      Faith    .    (no shield)
rNeg    + . .      Spirit   .    a - +0 robe
rPois   ∞          Reflect  .    (no helmet)
rElec   +          Harm     .    (no cloak)
rCorr   .          Rampage  .    (no gloves)
Will    .....                    (no boots)
Stlth   +                        (no amulet)
HPRegen 0.24/turn                (no ring)
MPRegen 0.10/turn                (no ring)

@: very slightly contaminated, glowing
A: sickness immunity, AC +3, negative energy resistance 1, electricity
resistance, torment resistance 1, petrification resistance
a: no special abilities


You were on level 2 of the Dungeon.
You visited 1 branch of the dungeon, and saw 2 of its levels.

You collected 31 gold pieces.

Inventory:

Hand Weapons
 d - a +0 dagger of flaming
 e - a +0 club
 i - a +0 mace (weapon)
Missiles
 g - 2 datura-tipped darts
Armour
 a - a +0 robe (worn)
Scrolls
 c - a scroll of silence {unknown}
 h - a scroll of poison {unknown}
 j - a scroll of identify {unknown}
Potions
 f - a potion of might {unknown}


   Skills:
 - Level 1.5 Dodging
 - Level 2.1 Stealth
 - Level 2.0 Spellcasting
 - Level 0.7 Transmutations
 + Level 5.8 Earth Magic


You had 6 spell levels left.
You knew the following spells:

 Your Spells              Type           Power      Damage    Failure   Level
a - Sandblast             Erth           42%        2d11      1%          1

Your spell library contained the following spells:

 Spells                   Type           Power      Damage    Failure   Level
 Passwall                 Tmut/Erth      10%        N/A       8%          2
 Stone Arrow              Conj/Erth      22%        3d8       17%         3
 Petrify                  Tmut/Erth      12%        N/A       45%         4


Dungeon Overview and Level Annotations

Branches:
Dungeon (2/15)

Altars:
Xom


Innate Abilities, Weirdness & Mutations

You are immune to sickness and miasma.
Your stone body is resilient. (AC +3)
You are immune to poison.
You resist negative energy. (rN+)
You are resistant to electric shocks. (rElec)
You are resistant to unholy torment.
You are immune to petrification.


Message History

The blast of sand hits the adder!
You kill the adder!
The blast of sand hits the kobold!
You kill the kobold!
You can't see any susceptible monsters within range! (Use Z to cast anyway.)
Things that are here:
a +0 dagger; a kobold corpse The blast of sand hits the worm!!
You kill the worm!
Found an escape hatch in the floor.
j - a scroll labelled MEID BYROWEUMO A gnoll comes into view.
It is wielding a +0 halberd.
The blast of sand hits the gnoll!
You kill the gnoll!
A gnoll comes into view. It is wielding a +0 whip.
The blast of sand hits the gnoll!
The gnoll is severely wounded.
The gnoll shouts!
You hear a shout!
The gnoll completely misses you.
A gnoll comes into view.
It is wielding a +0 whip and wearing an orb of light.
The blast of sand hits the gnoll.
The gnoll is almost dead.
The gnoll hits you with a +0 whip.
The blast of sand hits the gnoll!
You kill the gnoll!
You have reached level 4!
You feel stronger.
A gnoll is nearby!
The blast of sand misses the gnoll.
The blast of sand hits the gnoll.
The gnoll is lightly wounded.
The gnoll barely misses you. The gnoll hits you with a +0 whip.
You miscast Sandblast.
You are very lightly contaminated with residual magic.
Nothing appears to happen.
A dart slug comes into view.
The gnoll hits you with a +0 whip!
* * * LOW HITPOINT WARNING * * *
Magic courses through your body. The gnoll hits you with a +0 whip!
You die...

.8# ####....._..#
'. #.......8.....
#.##.##..........
#................
#.##.#######.##..
# #.# .# .. #.#
.# #g##.# #@)..#
###w.# ..# .# #>
##


You could see a gnoll and a dart slug.

Vanquished Creatures
  An adder (D:2)
  2 gnolls (D:2)
  A worm (D:2)
  4 bats (D:1)
  3 endoplasms
  2 giant cockroaches (D:1)
  2 goblins (D:1)
  5 hobgoblins
  A quokka (D:1)
  2 ball pythons (D:1)
  2 frilled lizards
  A kobold (D:2)
  3 rats (D:1)
29 creatures vanquished.

Notes
Turn   | Place    | Note
-------+----------+-------------------------------------------
     0 | D:1      | cheesebisquit the Gargoyle Earth Elementalist began the
                  | quest for the Orb.
     0 | D:1      | Reached XP level 1. HP: 10/10 MP: 3/3
    98 | D:1      | Reached skill level 4 in Earth Magic
   143 | D:1      | Reached XP level 2. HP: 15/15 MP: 1/5
   208 | D:1      | You fall into a shaft and drop 1 floor!
   641 | D:1      | Reached XP level 3. HP: 19/19 MP: 4/6
   669 | D:1      | Reached skill level 5 in Earth Magic
   748 | D:1      | Found a shimmering altar of Xom.
   825 | D:2      | Found a faded altar of an unknown god.
   895 | D:2      | Reached XP level 4. HP: 17/24 MP: 2/7
   898 | D:2      | Slain by a gnoll

Illustrated notes

Levels and vault maps discovered:
D:1:      sevenhm_arrival_forest_fort_small_6, layout_basic,
          nicolae_kite_square_tiling_tiny
D:2:      layout_loops_ring, dreamdust_ecumenical_altar_statues,
          dk_noncrumbling_4, minmay_crystal_room, chequers_serial_rivers_marsh

Skill      XL: |  1  2  3 |
---------------+----------+-----
Earth Magic    | 4 5 |  5.8
Dodging        | |  1.5
Stealth        | |  2.1
Spellcasting   | |  2.0
Transmutations | |  0.7

Action                     |  1- 3 |  4- 6 || total
---------------------------+-------+-------++-------
  Melee: Dagger            |     3 |       ||     3
   Cast: Sandblast         |    37 |     2 ||    39
    Use: Potion            |       |     1 ||     1
 Armour: Robe              |     1 |       ||     1
  Dodge: Dodged            |     6 |     1 ||     7

Table legend: (Time is in decaauts)
 A = Elapsed time spent in this place.
 B = Non-inter-level travel time spent in this place.
 C = Inter-level travel time spent in this place.
 D = Time resting spent in this place.
 E = Time spent auto-exploring this place.
 F = Levels seen in this place.
 G = Mean time per level.
                   A        B        C        D        E       F      G
               +--------+--------+--------+--------+--------+-----+--------+
         Total |    916 |    880 |     36 |      0 |    697 |   2 |  458.0 |
       Dungeon |    916 |    880 |     36 |      0 |    697 |   2 |  458.0 |
               +--------+--------+--------+--------+--------+-----+--------+

Top non-repeatable levels by time:
     D:1: 715 daAuts
     D:2: 200 daAuts
